 Dungeon Crawl Stone Soup version 0.29.1-2-gbd0b4ee654 (webtiles) character file.

Game seed: 5991842619883523332

7168 xian the Frost Mage (level 10, -1/74 HPs)
             Began as a Grey Draconian Ice Elementalist on Nov 8, 2022.
             Was a Believer of Fedhas.
             Slain by a boulder beetle (14 damage)
             ... on level 10 of the Dungeon.
             The game lasted 00:30:27 (11565 turns).

xian the Frost Mage (DrIE)                         Turns: 11565, Time: 00:30:29

Health: -1/74      AC: 14    Str: 10    XL:     10   Next: 86%
Magic:  1/22       EV: 13    Int: 25    God:    Fedhas [**....]
Gold:   429        SH:  0    Dex: 13    Spells: 15/26 levels left

rFire   . . .      SeeInvis .   E - +2 dire flail (drain)
rCold   . . .      Faith    .   (shield currently unavailable)
rNeg    + . .      Spirit   .   (body armour unavailable)
rPois   .          Reflect  .   (helmet restricted)
rElec   .          Harm     .   z - scarf {repulsion}
rCorr   .          Rampage  .   y - +0 pair of gloves
Will    .....                   l - +0 pair of boots
Stlth   ++........              (no amulet)
HPRegen 0.22/turn               b - ring of positive energy
MPRegen 0.18/turn               n - +6 ring of intelligence

@: repel missiles
A: AC +12, amphibious, unfitting armour, cold-blooded
a: Renounce Religion, Wall of Briars


You were on level 10 of the Dungeon.
You worshipped Fedhas.
Fedhas was pleased with you.
You visited 2 branches of the dungeon, and saw 11 of its levels.
You also visited: Sewer.

You collected 549 gold pieces.
You spent 120 gold pieces at shops.

Inventory:

Hand Weapons
 E - a +2 dire flail of draining (weapon)
Missiles
 c - 24 poisoned darts
 i - 8 javelins
Armour
 d - a +0 cloak
 l - a +0 pair of boots (worn)
 u - a scarf of invisibility
 y - a +0 pair of gloves (worn)
 z - a scarf of repulsion (worn)
Jewellery
 b - a ring of positive energy (left hand)
 h - a ring of protection from fire
 n - a +6 ring of intelligence (right hand)
 o - a ring of protection from cold
 x - an amulet of guardian spirit
 G - a +6 ring of intelligence
Wands
 D - a wand of acid (10)
 K - a wand of iceblast (8)
 M - a wand of flame (18)
Scrolls
 f - 4 scrolls of enchant weapon {unknown}
 g - 2 scrolls of noise {unknown}
 k - 6 scrolls of identify {unknown}
 m - 2 scrolls of butterflies {unknown}
 p - 7 scrolls of teleportation {unknown}
 r - 2 scrolls of immolation {unknown}
 t - 2 scrolls of brand weapon {unknown}
 v - 2 scrolls of magic mapping {unknown}
 w - a scroll of fear {unknown}
 B - 3 scrolls of blinking {unknown}
 F - 2 scrolls of poison {unknown}
 J - a scroll of vulnerability {unknown}
 L - 2 scrolls of silence {unknown}
 O - a scroll of amnesia {unknown}
Potions
 a - a potion of magic
 e - 2 potions of haste {unknown}
 j - 4 potions of heal wounds
 q - 2 potions of brilliance {unknown}
 s - 4 potions of cancellation {unknown}
 A - 4 potions of curing
 C - a potion of resistance {unknown}
 H - 2 potions of attraction {unknown}
 I - a potion of degeneration {unknown}
 N - a potion of experience {unknown}
 P - a potion of lignification {unknown}


   Skills:
 + Level 2.5 Fighting
 + Level 1.9 Short Blades
 + Level 4.3 Maces & Flails
 + Level 3.9 Dodging
 + Level 3.2 Stealth
 + Level 8.9 Spellcasting
 + Level 0.1 Conjurations
 + Level 10.3 Ice Magic
 * Level 8.1 Earth Magic


You had 15 spell levels left.
You knew the following spells:

 Your Spells              Type           Power      Damage    Failure   Level
a - Freeze                Ice            100%       1d11      1%          1
b - Frozen Ramparts       Ice            100%       1d16      1%          3
c - Ozocubu's Armour      Ice            58%        N/A       1%          3
d - Hailstorm             Conj/Ice       37%        3d9       6%          4

Your spell library contained the following spells:

 Spells                   Type           Power      Damage    Failure   Level
 Necrotise                Necr           44%        1d6       5%          1
 Borgnjor's Vile Clutch   Necr/Erth      15%        N/A       28%         5
 Animate Dead             Necr           11%        N/A       50%         4
 Death Channel            Necr           5%         N/A       100%        6
 Chain Lightning          Conj/Air       5%         3d7       100%        9
 Fire Storm               Conj/Fire      5%         8d2       100%        9
 Shatter                  Erth           25%        3d22*     100%        9


Dungeon Overview and Level Annotations

Branches:
Dungeon (10/15)            Temple (1/1) D:7            Lair (0/5) D:8
  Sewer (visited)
    Orc: D:9-12

Altars:
Ashenzari
Cheibriados
Dithmenos
Elyvilon
Fedhas
Gozag
Hepliaklqana
Kikubaaqudgha
Makhleb
Nemelex Xobeh
Ru
Sif Muna
Uskayaw
Vehumet
Wu Jian
Xom
Yredelemnul
Zin

Shops:
D:5 :   D:8 [   D:9 ![


Innate Abilities, Weirdness & Mutations

Your dull iron-grey scales are very hard. (AC +12)
You are amphibious.
You cannot fit into any form of body armour.
You are cold-blooded and may be slowed by cold attacks.


Message History

Press: ? - help, Shift-Dir - straight line, f - boulder beetle
Aim: a boulder beetle (severely wounded)
You freeze the boulder beetle.
The boulder beetle is severely wounded.
The wall freezes the boulder beetle but does no damage.
The boulder beetle leaps!
The boulder beetle curls into a ball and begins rolling!
The boulder beetle stops rolling and uncurls.
Unknown command.
The boulder beetle leaps!
Unknown command.
Your icy armour starts to melt.
The frozen ramparts melt away.
Casting: Freeze (safe; 1% risk of failure)
Confirm with . or Enter, or press ? or * to list all spells.
Casting: Frozen Ramparts (safe; 1% risk of failure)
Press: ? - help, Dir - look around, f - activate The walls around you are covered in ice.
The boulder beetle curls into a ball and begins rolling!
Unknown command.
The boulder beetle stops rolling and uncurls.
Your icy armour evaporates.
Unknown command.
Casting: Frozen Ramparts (safe; 1% risk of failure)
Confirm with . or Enter, or press ? or * to list all spells.
A film of ice covers your body!
Unknown command.
Unknown command.
Your icy armour and frozen ramparts will break if you move.
Continue?
Your icy armour cracks and falls away as you move.
The frozen ramparts melt away as you move.
The boulder beetle closely misses you.
You hit the boulder beetle. You drain the boulder beetle.
You tail-slap the boulder beetle, but do no damage.
The boulder beetle is severely wounded.
The boulder beetle bites you!
* * * LOW HITPOINT WARNING * * *
The boulder beetle bites you!
You die...
Fedhas appreciates your contribution to the ecosystem.

#.................
#.............#...
#.#....###....#..#
#.................
#....##'#.........
#....#..#.##......
#....#..#.##......
#.##.#..+.##......
#@...#..#.........
#=B..#..##########
#....#..#
#.?..#..# #....#
#....# #....#
#.#..#


You could see a boulder beetle (drained).

Vanquished Creatures
  A two-headed ogre (D:10)
  Pikel (D:7)
  A kobold demonologist (D:9)
  A troll (D:9)
  Prince Ribbit (D:6)
  3 wyverns
  Sigmund (D:3)
  2 steam dragons
  Edmund (D:4)
  2 wargs (D:8)
  A water moccasin (D:9)
  Duvessa (D:7)
  2 black bears
  An orc warrior (D:8)
  A sky beast (D:7)
  4 ice beasts
  3 centaurs
  2 ogres
  A lemure (D:7)
  3 phantoms
  6 kobold brigands
  A gnoll sergeant (D:9)
  3 bullfrogs
  3 scorpions
  4 wights (D:8)
  Dowan (D:7)
  A jelly (D:5)
  15 killer bees
  5 howler monkeys
  A gnoll bouda (D:7)
  2 orc priests (D:8)
  2 iguanas
  7 orc wizards
  12 gnolls
  9 adders
  4 river rats (Sewer)
  2 ufetubi
  3 worms
  2 dart slugs
  22 orcs
  9 ball pythons
  A bat (D:3)
  8 endoplasms
  8 giant cockroaches
  5 goblins
  8 hobgoblins
  12 jackals
  3 quokkas
  5 frilled lizards
  22 kobolds
  8 rats
227 creatures vanquished.

Vanquished Creatures (others)
  10 plants
10 creatures vanquished.

Grand Total: 237 creatures vanquished

Notes
Turn   | Place    | Note
-------+----------+-------------------------------------------
     0 | D:1      | xian the Draconian Ice Elementalist began the quest for the
                  | Orb.
     0 | D:1      | Reached XP level 1. HP: 14/14 MP: 3/3
    56 | D:1      | Found a faded altar of an unknown god.
   175 | D:1      | Reached XP level 2. HP: 18/20 MP: 1/5
  1254 | D:2      | Reached XP level 3. HP: 15/26 MP: 3/6
  1266 | D:2      | Learned a level 3 spell: Frozen Ramparts
  1969 | D:2      | Reached XP level 4. HP: 29/33 MP: 4/8
  1975 | D:2      | Learned a level 3 spell: Ozocubu's Armour
  2077 | D:3      | Reached skill level 5 in Ice Magic
  2230 | D:3      | Found a glowing drain.
  2255 | Sewer    | Entered a sewer
  2321 | Sewer    | Noticed a kobold brigand
  2332 | Sewer    | Killed a kobold brigand
  2333 | Sewer    | Reached XP level 5. HP: 38/38 MP: 1/9
  2833 | Sewer    | Reached skill level 6 in Ice Magic
  2833 | Sewer    | Reached XP level 6. HP: 40/45 MP: 4/11
  3474 | D:3      | Reached skill level 1 in Short Blades
  3514 | D:3      | Noticed Sigmund
  3523 | D:3      | Killed Sigmund
  3524 | D:3      | Your scales start taking on a dull iron-grey colour.
  3524 | D:3      | Reached XP level 7. HP: 47/51 MP: 4/13
  3977 | D:3      | Found a sparkling altar of Nemelex Xobeh.
  4426 | D:4      | Reached skill level 1 in Earth Magic
  4675 | D:4      | Noticed Edmund
  4685 | D:4      | Killed Edmund
  4686 | D:4      | Reached skill level 5 in Spellcasting
  4686 | D:4      | Reached skill level 7 in Ice Magic
  4837 | D:4      | Reached XP level 8. HP: 56/58 MP: 8/15
  5231 | D:5      | Entered Level 5 of the Dungeon
  5430 | D:5      | Reached skill level 1 in Maces & Flails
  5553 | D:5      | Reached skill level 1 in Fighting
  5818 | D:5      | Found a snail-covered altar of Cheibriados.
  5873 | D:5      | Found a sacrificial altar of Ru.
  6277 | D:5      | Found Sinnuog's Vocational Training.
  6331 | D:6      | Noticed Prince Ribbit
  6337 | D:6      | Killed Prince Ribbit
  6338 | D:6      | Reached skill level 8 in Ice Magic
  6394 | D:6      | You fall into a shaft and drop 1 floor!
  6426 | D:7      | Found a staircase to the Ecumenical Temple.
  6431 | Temple   | Entered the Ecumenical Temple
  6592 | D:7      | Reached XP level 9. HP: 46/64 MP: 14/18
  7045 | D:7      | Noticed Duvessa
  7047 | D:7      | Noticed Dowan
  7055 | D:7      | Killed Duvessa
  7055 | D:7      | Killed Dowan
  7056 | D:7      | Reached skill level 5 in Earth Magic
  7258 | D:7      | Found a blossoming altar of Fedhas.
  7270 | D:7      | Noticed an oklob plant
  7610 | D:7      | Noticed Pikel
  7623 | D:7      | Killed Pikel
  7738 | D:7      | Reached skill level 9 in Ice Magic
  7819 | D:7      | Learned a level 4 spell: Hailstorm
  8076 | D:7      | Became a worshipper of Fedhas Madash
  8483 | D:8      | Reached XP level 10. HP: 70/73 MP: 14/21
  8952 | D:8      | Found a staircase to the Lair.
  8959 | D:8      | Reached * piety under Fedhas
  8985 | D:8      | Found Binwefip's Armour Shoppe.
  9319 | D:8      | Found a radiant altar of Vehumet.
  9326 | D:8      | Found an ancient bone altar of Kikubaaqudgha.
  9327 | D:8      | Found a shimmering blue altar of Sif Muna.
  9333 | D:8      | Got Kikubaaqudgha's Dissertation on Despicable Deeds
 10049 | D:9      | Reached skill level 10 in Ice Magic
 10379 | D:9      | Found an opulent altar of Gozag.
 10520 | D:9      | Found Ocih Goyq's Distillery.
 10530 | D:9      | Bought a potion of curing for 45 gold pieces
 10530 | D:9      | Bought a potion of heal wounds for 75 gold pieces
 10760 | D:9      | Reached ** piety under Fedhas
 11207 | D:9      | Found Yteutosa's Antique Armour Shoppe.
 11317 | D:10     | Entered Level 10 of the Dungeon
 11444 | D:10     | Noticed a two-headed ogre
 11451 | D:10     | Killed a two-headed ogre
 11514 | D:10     | Noticed a boulder beetle
 11565 | D:10     | Slain by a boulder beetle

Illustrated notes

Levels and vault maps discovered:
D:1:      tarquinn_simple_flora_water_d, layout_loops_ring,
          ebering_ecumenical_altar_sacrificial, minmay_pentomino_x4
D:2:      layout_rooms, minmay_worlds_worst_comb
D:3:      layout_loops_ring, nicolae_overflow_hidden_temple,
          nemelex_diamond_rough_becter, cheibrodos_sewer_entry_bend,
          minmay_misc_feat_four_crosses, uniq_sigmund
D:4:      black_bear_nest_1, layout_gridville, uniq_edmund
D:5:      layout_basic, kennysheep_slug_shrine, hangedman_ru_absence,
          serial_curves, eino_curves_04, eino_curves_04, nicolae_shop_vocational
D:6:      layout_basic, mainiacjoe_overflow_alcove_1, minmay_crossroads,
          uniq_prince_ribbit1
D:7:      layout_loops_corners, tgw_fedhas, temple_doors_e, uniq_pikel,
          uniq_duvessa
D:8:      layout_basic, grunt_temple_overflow_magic_moments,
          erik_lair_orcish_takeover, serial_shops, nicolae_shop_behind_doors,
          grunt_ministairs_3
D:9:      layout_long_grid, pf_just_have_faith, serial_shops,
          nicolae_shop_advertising_works [nicolae_subvault_shop_adworks],
          kennysheep_little_box, grunt_decor_fettered, serial_park_tiny_pond,
          serial_park_tiny_pond
D:10:     layout_stronghold, grunt_temple_overflow_bloody_war, uniq_maurice
Temple:   cyrus_temple_forest

Skill      XL: |  1  2  3  4  5  6  7  8  9 10 |
---------------+-------------------------------+-----
Dodging        | 2 3 |  3.9
Ice Magic      | 5 6 7 8 9 10 | 10.3
Stealth        | 2 3 |  3.2
Spellcasting   | 3 4 5 6 7 8 |  8.9
Short Blades   | 1 |  1.9
Earth Magic    | 2 4 6 8 |  8.1
Maces & Flails | 2 3 4 |  4.3
Fighting       | 1 2 |  2.5
Conjurations   | |  0.1

Action                   |  1- 3 |  4- 6 |  7- 9 | 10-12 || total
-------------------------+-------+-------+-------+-------++-------
Melee: Short sword       |    44 |    36 |    39 |       ||   119
       Tailslap          |     5 |     2 |    21 |    13 ||    41
       Punch             |     1 |       |       |       ||     1
       Dire flail        |       |       |    90 |    62 ||   152
Throw: Dart              |       |     2 |       |       ||     2
 Cast: Freeze            |    62 |    37 |    96 |    44 ||   239
       Frozen Ramparts   |       |     9 |    24 |    20 ||    53
       Ozocubu's Armour  |       |     4 |    17 |    12 ||    33
       Hailstorm         |       |       |       |     1 ||     1
  Use: Potion            |       |       |       |     1 ||     1
 Stab: Sleeping          |     2 |     3 |     2 |     2 ||     9
Armor: Skin              |    28 |    23 |   122 |    58 ||   231
Dodge: Dodged            |    72 |    36 |   136 |    81 ||   325
       Repelled          |       |       |     1 |       ||     1
